Map: [ESL] Ancient Cistern

Players

Maru - Winner!

  • Race: Terran Terran

RagnaroK (SHIN)

  • Race: Zerg Zerg

Event: IEM Katowice 2023

VOD

Have the link to the VOD?

Description

Time

  • Played on: Feb. 12, 2023, 10:51 a.m.
  • Length: 13:03

All games in this series

Show
View Real Time Build Order
Export as new Build Order

Maru Terran - Winner!

Build Orders: Reaper Expand, Hellion Banshee 

Get SALT Encoding   

  12  0:00  SCV  
  13  0:12  SCV  
  14  0:17  Supply Depot  
  14  0:24  SCV  
  15  0:38  SCV  
  15  0:39  Barracks  
  15  0:42  Refinery  
  16  0:50  SCV  
  17  1:02  SCV  
  18  1:15  SCV  
  19  1:25  Reaper  
  19  1:27  Orbital Command  
  20  1:37  Command Center  
  20  1:46  Supply Depot  
  20  1:52  SCV  
  21  1:57  Marine  
  22  2:04  SCV  
  22  2:06  Factory  
  23  2:13  Refinery  
  23  2:16  SCV  
  23  2:21  Barracks Reactor  
  24  2:28  SCV  
  25  2:40  SCV  
  26  2:50  Orbital Command  
  26  2:52  SCV, Starport  
  27  3:02  Refinery  
  27  3:04  Hellion x2  
  27  3:05  SCV  
  32  3:09  Barracks Tech Lab  
  32  3:16  Starport  
  32  3:18  SCV x2  
  34  3:29  Viking  
  34  3:30  SCV x2  
  38  3:35  Supply Depot  
  38  3:39  Hellion x2  
  42  3:42  SCV x2  
  42  3:46  Hyperflight Rotors  
  44  3:54  Starport Tech Lab, SCV x2  
  46  4:02  Supply Depot  
  46  4:06  Banshee, SCV  
  46  4:07  SCV  
  51  4:15  Banshee  
  54  4:21  Supply Depot  
  54  4:23  SCV  
  55  4:26  Cloaking Field, Supply Depot  
  55  4:27  SCV  
  56  4:33  Hellion x2  
  56  4:37  SCV  
  61  4:45  SCV, Supply Depot  
  62  4:49  SCV  
  62  4:51  Banshee  
  66  4:57  SCV  
  66  4:58  Banshee  
  70  5:04  Command Center  
  70  5:05  SCV  
  71  5:09  SCV  
  71  5:11  Refinery  
  72  5:22  Factory, SCV  
  72  5:24  Factory  
  72  5:26  Hellion x2  
  72  5:27  SCV  
  78  5:34  SCV  
  79  5:38  Banshee  
  79  5:40  Banshee, SCV  
  86  5:47  Supply Depot  
  86  6:05  Armory  
  86  6:07  Supply Depot  
  86  6:08  SCV x2  
  86  6:09  Factory Tech Lab x2  
  88  6:12  Hellion x2  
  88  6:16  Orbital Command  
  92  6:21  SCV x2  
  92  6:24  Banshee x2  
  100  6:33  SCV x2  
  102  6:43  Orbital Command  
  102  6:45  SCV x2  
  102  6:46  Hellion x2  
  108  6:47  Infernal Pre-Igniter, Cyclone x2  
  108  6:48  Mag-Field Accelerator  
  108  6:52  Supply Depot  
  106  6:55  Supply Depot  
  106  6:57  SCV x2, Terran Vehicle And Ship Armor Level 1  
  106  7:09  SCV x3  
  109  7:16  Command Center  
  109  7:21  SCV x3  
  112  7:25  Cyclone  
  112  7:26  Refinery, Cyclone  
  118  7:33  Banshee x2, SCV x3, Refinery  
  124  7:45  SCV x3  
  124  7:46  Engineering Bay  
  124  7:47  Supply Depot  
  127  7:54  Factory  
  127  7:56  Factory  
  127  7:57  SCV x3  
  130  8:04  Supply Depot  
  130  8:07  Cyclone  
  130  8:08  Cyclone  
  130  8:09  SCV, Hellion x2  
  141  8:14  Armory  
  141  8:15  Supply Depot  
  141  8:17  Supply Depot  
  141  8:18  Supply Depot  
  141  8:21  Hellion x7  
  141  8:25  SCV x3  
  144  8:35  Hellion x2  
  144  8:38  SCV x2  
  144  8:39  Missile Turret x3, Cyclone  
  144  8:40  Viking x2, Cyclone  
  157  8:46  SCV  
  145  8:50  Factory Tech Lab, Factory Reactor, SCV x2, Missile Turret  
  145  8:55  Terran Vehicle And Ship Armor Level 2  
  147  8:59  SCV  
  147  9:01  Planetary Fortress  
  148  9:04  Missile Turret  
  148  9:06  SCV  
  148  9:08  Refinery  
  148  9:09  Refinery, Cyclone  
  147  9:17  SCV x2  
  147  9:18  SCV  
  147  9:19  Missile Turret  
  148  9:28  Cyclone x2  
  148  9:29  SCV x2  
  148  9:30  SCV  
  154  9:41  SCV x2, Supply Depot, Cyclone  
  154  9:43  SCV  
  141  9:45  SCV  
  141  9:49  Hellion x3  
  141  9:52  Terran Vehicle Weapons Level 1  
  144  9:53  SCV x2  
  144  9:55  SCV  
  144  9:57  SCV  
  143  10:05  SCV x2  
  143  10:06  Banshee x2  
  149  10:07  SCV  
  149  10:10  SCV  
  142  10:17  SCV  
  142  10:18  SCV  
  142  10:19  Cyclone x2  
  138  10:21  SCV  
  138  10:22  SCV  
  138  10:25  Cyclone  
  137  10:30  SCV  
  137  10:31  SCV  
  137  10:33  SCV  
  140  10:40  Factory x2  
  140  10:42  SCV  
  141  10:45  Command Center  
  141  10:47  SCV x2  
  141  10:49  Banshee  
  146  10:51  Cyclone x2  
  149  10:58  Cyclone  
  149  10:59  Hellion  
  149  11:00  Hellion x2  
  156  11:09  SCV x2  
  156  11:10  SCV x2  
  160  11:15  Hellion  
  160  11:17  Missile Turret  
  158  11:21  SCV  
  158  11:23  Cyclone  
  158  11:24  Banshee  
  165  11:25  Factory Tech Lab, Factory Reactor  
  165  11:27  SCV x2  
  165  11:28  Factory, SCV  
  168  11:34  Banshee  
  168  11:36  Refinery  
  171  11:48  Barracks  
  171  11:50  Barracks x2  
  171  11:51  Ghost Academy  
  168  12:00  Cyclone x2  
  168  12:01  Cyclone, Hellion x2  
  181  12:03  SCV x2, Cyclone  
  186  12:09  Hellion  
  186  12:10  SCV  
  183  12:22  Hellion  
  168  12:24  SCV x4  
  160  12:30  Hellion  
  160  12:36  SCV x2  
  166  12:40  Barracks Tech Lab x3  
  166  12:41  Barracks Tech Lab  
  148  12:59  Factory Tech Lab  
Show
View Real Time Build Order
Export as new Build Order

RagnaroK Zerg 

Build Orders: Hatch First 

Get SALT Encoding   

  12  0:00  Drone  
  13  0:08  Drone  
  14  0:17  Overlord  
  14  0:35  Drone x2  
  16  0:47  Hatchery  
  15  0:51  Drone  
  15  0:54  Drone  
  17  0:57  Drone  
  18  1:08  Extractor  
  17  1:13  Spawning Pool  
  17  1:16  Drone  
  17  1:19  Drone  
  18  1:29  Drone  
  19  1:41  Drone  
  20  1:56  Drone  
  20  2:00  Queen x2  
  20  2:01  Zergling x4  
  27  2:14  Overlord  
  27  2:15  Drone  
  28  2:22  Hatchery  
  27  2:24  Drone  
  28  2:32  Drone  
  28  2:33  Drone x2  
  30  2:41  Queen  
  30  2:42  Drone  
  33  2:45  Drone  
  33  2:49  Metabolic Boost  
  34  2:55  Overlord  
  34  2:56  Drone  
  35  3:05  Overlord  
  35  3:12  Overlord  
  35  3:13  Drone x3  
  35  3:16  Queen  
  40  3:20  Drone  
  40  3:23  Queen  
  40  3:24  Drone  
  44  3:28  Drone  
  44  3:33  Drone  
  46  3:34  Queen  
  46  3:36  Drone  
  46  3:39  Drone x2  
  51  3:45  Drone, Zergling x6  
  55  3:51  Drone  
  55  3:53  Drone x3  
  59  3:56  Queen  
  63  4:03  Drone  
  63  4:08  Overlord, Roach Warren  
  63  4:09  Drone x2  
  63  4:11  Drone  
  63  4:13  Drone  
  63  4:14  Overlord  
  65  4:18  Overlord  
  65  4:23  Overlord  
  65  4:24  Extractor, Overlord  
  64  4:25  Extractor  
  64  4:28  Drone x2  
  65  4:32  Zergling x2  
  65  4:33  Overlord  
  65  4:37  Spore Crawler x2  
  64  4:41  Overlord  
  64  4:48  Roach x5  
  74  4:54  Roach x2  
  74  4:57  Roach  
  74  4:58  Roach  
  81  5:06  Spore Crawler  
  80  5:10  Zergling x14  
  87  5:15  Zergling x8  
  92  5:21  Zergling x6  
  92  5:27  Zergling x6  
  95  5:29  Ravager x2  
  95  5:34  Ravager  
  95  5:35  Ravager  
  99  5:37  Drone x6  
  104  5:44  Drone  
  104  5:45  Drone  
  104  5:49  Lair  
  106  5:51  Drone x2  
  102  5:58  Spore Crawler  
  102  6:02  Drone x3, Spore Crawler  
  102  6:04  Drone  
  99  6:07  Spore Crawler  
  99  6:09  Roach x2  
  96  6:11  Drone x5  
  96  6:16  Extractor  
  99  6:19  Drone  
  99  6:22  Queen  
  99  6:24  Drone  
  99  6:25  Drone  
  102  6:29  Overlord  
  102  6:30  Queen  
  92  6:36  Drone x5  
  92  6:38  Drone  
  92  6:39  Drone x3  
  97  6:46  Overlord  
  97  6:47  Roach, Overseer  
  97  6:50  Drone  
  97  6:52  Spire  
  91  6:56  Drone  
  91  6:59  Drone x3  
  91  7:00  Queen  
  96  7:05  Queen  
  97  7:08  Drone x5  
  97  7:11  Extractor  
  97  7:13  Extractor  
  97  7:14  Extractor, Spore Crawler  
  97  7:20  Hatchery, Zergling x2  
  97  7:21  Zergling x4  
  99  7:28  Drone x3  
  99  7:29  Overlord  
  102  7:31  Zergling x4  
  102  7:36  Queen  
  106  7:40  Zergling x10  
  106  7:41  Pneumatized Carapace  
  109  7:44  Queen  
  109  7:46  Zergling x6  
  109  7:50  Overlord  
  114  8:04  Mutalisk x7  
  127  8:10  Overlord  
  127  8:11  Mutalisk x2  
  131  8:13  Overseer  
  131  8:16  Mutalisk  
  131  8:17  Mutalisk  
  135  8:23  Glial Reconstitution  
  132  8:27  Roach, Zergling x14  
  141  8:39  Overlord  
  143  8:48  Roach, Hatchery, Zergling x2  
  142  8:49  Roach x3  
  142  8:50  Evolution Chamber x2  
  142  8:52  Roach x2  
  142  8:53  Roach  
  153  8:56  Overlord x2  
  153  8:58  Overlord  
  153  9:04  Roach x2  
  153  9:08  Overlord  
  157  9:12  Roach x2  
  157  9:16  Roach  
  157  9:17  Roach x3  
  169  9:19  Roach x2  
  169  9:21  Ravager x5  
  178  9:26  Roach x2  
  178  9:29  Roach  
  178  9:30  Roach  
  186  9:32  Overlord  
  186  9:37  Overlord  
  186  9:39  Roach x2  
  186  9:44  Roach x3  
  190  9:47  Overlord  
  190  9:52  Roach, Zergling x4  
  192  9:57  Zerg Missile Weapons Level 1, Zerg Ground Armor Level 1  
  192  9:59  Zergling x2  
  186  10:04  Roach, Zergling x4  
  182  10:12  Roach, Zergling x2  
  182  10:13  Zergling x10  
  169  10:16  Roach  
  169  10:17  Roach  
  169  10:19  Roach  
  153  10:26  Roach x4  
  126  10:35  Drone x7  
  126  10:39  Infestation Pit  
  126  10:40  Ravager x4  
  135  10:44  Roach x2  
  135  10:45  Ravager  
  135  10:46  Ravager x2  
  135  10:49  Roach  
  141  10:52  Roach x2  
  145  11:01  Roach x4  
  144  11:08  Drone  
  144  11:09  Drone x7  
  146  11:12  Extractor  
  146  11:13  Extractor  
  140  11:19  Hydralisk Den  
  140  11:24  Spore Crawler  
  138  11:26  Roach  
  138  11:29  Overseer  
  135  11:32  Infestor  
  135  11:33  Infestor  
  135  11:34  Hatchery  
  135  11:35  Roach, Zergling x6  
  143  11:42  Roach, Zergling x10  
  150  11:49  Roach x4  
  154  12:01  Roach x4  
  160  12:06  Zergling x2  
  160  12:07  Roach, Zergling x14  
  158  12:12  Roach, Zergling x8  
  154  12:21  Roach x5  
  150  12:28  Roach x6  
  134  12:33  Roach, Zergling x4  
  119  12:38  Roach, Zergling x6  
  119  12:43  Roach x2  

Tags
 
Add a new tag
Caveats
  • Supply blocks, unpowered buildings, or Contaminate may cause inaccurate times.
  • Supply counts are checked every 10 seconds.